 Dungeon Crawl Stone Soup version 0.29-a0-284-gf9362112df (webtiles) character file.

Game seed: 17986112975523828957

5665 bjtr the Arsonist (level 10, -19/94 HPs)
             Began as a Demonspawn Fire Elementalist on Mar 21, 2022.
             Was a Follower of Vehumet.
             Engulfed by a cloud of flame (22 damage)
             ... on level 9 of the Dungeon on Mar 27, 2022.
             The game lasted 00:46:45 (9681 turns).

bjtr the Arsonist (Demonspawn Fire Elementalist)    Turns: 9681, Time: 00:46:46

Health: -19/94     AC: 25    Str:  9    XL:     10   Next: 47%
Magic:  30/32      EV:  2    Int: 26    God:    Vehumet [*.....]
Gold:   291        SH: 10    Dex: 14    Spells: 14/27 levels left

rFire   . . .      SeeInvis .   L - +4 spear (freeze)
rCold   . . .      Faith    .   S - +2 kite shield
rNeg    . . .      Spirit   .   (body armour currently unavailable)
rPois   +          Reflect  .   (helmet currently unavailable)
rElec   .          Harm     .   (cloak currently unavailable)
rCorr   .          Rampage  .   (gloves currently unavailable)
Will    .....      NoTele   +   (boots currently unavailable)
Stlth   ++........              p - amulet of magic regeneration
HPRegen 0.25/turn               A - +6 ring of intelligence
MPRegen 0.63/turn               P - ring of magical power

@: brilliant, lethally poisoned (-19 -> -27), tree-form, very slightly
contaminated
A: stationary, stasis, torment immunity, boosted hp, (molten scales 2),
condensation shield, demonic magic 3, (antennae 1), (talons 1), screaming 1,
devolution 1
a: Renounce Religion


You were on level 9 of the Dungeon.
You worshipped Vehumet.
Vehumet was aware of your devotion.
You were a tree.
You visited 2 branches of the dungeon, and saw 10 of its levels.
You also visited: Sewer.

You collected 291 gold pieces.

Inventory:

Hand Weapons
 a - a +0 flail
 b - a +0 dagger of protection
 d - a +4 dagger of freezing
 e - a +2 vorpal shortbow
 f - a +0 morningstar
 y - a +0 scimitar
 L - a +4 spear of freezing (weapon)
 N - a +2 short sword of venom
 T - a +0 scimitar
 U - a +2 halberd
 X - a +2 vorpal hand axe
Missiles
 l - 294 stones
 u - 8 poisoned darts (quivered)
 R - a curare-tipped dart
Armour
 h - the +2 cloak "Qoet" (melded) {Drain rN++ Will+ Str-4}
   (You found it on level 7 of the Dungeon)

   Str:       It affects your strength (-4).
   rN:        It greatly protects you from negative energy.
   Drain:     It drains your maximum health when unequipped.
   Will:      It increases your willpower.
 i - a +2 pair of gloves
 j - a +0 pair of boots (melded)
 w - a +0 leather armour
 C - the +1 Delatra's gloves (melded) {ID++}
   (You found it on level 4 of the Dungeon)

   It heals its wearer when they drink unknown potions.
   It restores its wearer's MP when they read unknown scrolls.
 J - a +4 ring mail (melded)
 O - a +3 leather armour of positive energy
 S - a +2 kite shield (worn)
Magical Staves
 x - a staff of earth
Jewellery
 p - an amulet of magic regeneration (around neck)
 A - a +6 ring of intelligence (left branch)
 M - the dreamshard necklace {*Dream Drain}
   (You found it on level 7 of the Dungeon)

   [amulet of nothing]

   It shatters if its wearer takes lethal or near-lethal damage, preventing the
   blow and releasing protective dreams that heal and fight for the wearer.
   Drain:     It drains your maximum health when unequipped.
 P - a ring of magical power (right branch)
 Y - an amulet of regeneration
Wands
 r - a wand of acid (8)
 K - a wand of charming (24)
Scrolls
 c - 6 scrolls of identify
 m - 3 scrolls of enchant armour {unknown}
 n - 3 scrolls of teleportation {unknown}
 q - a scroll of torment {unknown}
 s - 3 scrolls of fog {unknown}
 B - 2 scrolls of amnesia {unknown}
 G - a scroll of summoning {unknown}
 I - a scroll of blinking {unknown}
 W - 2 scrolls of enchant weapon {unknown}
Potions
 k - a potion of brilliance
 o - 2 potions of magic
 t - 3 potions of flight
 v - 2 potions of lignification
 z - a potion of attraction {unknown}
 D - 3 potions of heal wounds {unknown}
 E - 2 potions of cancellation {unknown}
 F - 3 potions of might {unknown}
 H - 2 potions of ambrosia {unknown}
 Q - a potion of haste {unknown}
 V - a potion of degeneration {unknown}


   Skills:
 * Level 3.2 Armour
 - Level 1.7 Dodging
 - Level 1.7 Stealth
 * Level 2.0 Shields
 + Level 9.1 Spellcasting
 + Level 4.3 Conjurations
 * Level 10.3 Fire Magic


You had 14 spell levels left.
You knew the following spells:

 Your Spells              Type           Power      Damage    Failure   Level
a - Foxfire               Conj/Fire      100%       2x1d9     1%          1
b - Scorch                Fire           100%       2d10      1%          2
c - Conjure Flame         Conj/Fire      66%        6-21      2%          3
d - Inner Flame           Hex/Fire       55%        N/A       6%          3
e - Flame Wave            Conj/Fire      66%        2d12      9%          4

Your spell library contained the following spells:

 Spells                   Type           Power      Damage    Failure   Level
 Freeze                   Ice            68%        1d8       17%         1
 Dazzling Flash           Conj/Hex       68%        N/A       21%         3
 Ensorcelled Hibernation  Hex/Ice        34%        N/A       26%         2
 Passwall                 Tmut/Erth      14%        N/A       26%         2
 Portal Projectile        Hex/Tloc       34%        N/A       45%         3
 Swiftness                Air            17%        N/A       45%         3
 Agony                    Necr           17%        N/A       99%         5
 Blade Hands              Tmut           8%         N/A       99%         5
 Excruciating Wounds      Necr           8%         N/A       99%         5
 Silence                  Hex/Air        8%         N/A       99%         5


Dungeon Overview and Level Annotations

Branches:
Dungeon (9/15)             Temple (1/1) D:7           Sewer (visited)
   Lair: D:8-11         Orc: D:9-12

Altars:
Ashenzari
Cheibriados
Dithmenos
Elyvilon
Fedhas
Gozag
Hepliaklqana
Kikubaaqudgha
Makhleb
Okawaru
Qazlal
Ru
Sif Muna
Trog
Uskayaw
Vehumet
Yredelemnul
Zin
The Shining One


Innate Abilities, Weirdness & Mutations

You are a tree.
Your roots penetrate the ground, keeping you stationary.
You cannot be teleported.
You are immune to unholy pain and torment.
Your maximum health is greatly increased.
Your equipment is partially melded.
((You are mostly covered in molten scales. (AC +3)))
A meltable shield of frost defends you. (SH +0)
Spells you cast and wands you use may paralyse nearby enemies.
((You have a pair of small antennae on your head.))
((You have sharp toenails.))
You occasionally shout uncontrollably at your foes.
You have hidden genetic defects.


Message History

Unknown command.
Unknown command.
It was a potion of lignification.
You turn into a tree.
The +2 cloak "Qoet" {Drain rN++ Will+ Str-4} melds into your body.
The +1 Delatra's gloves {ID++} melds into your body.
Your +0 pair of boots melds into your body.
Your +4 ring mail melds into your body.
Your roots penetrate the ground.
You feel very sick. You block the killer bee's attack.
The killer bee completely misses you.
Okay, then.
Unknown command.
Casting: Scorch (safe; 1% risk of failure)
Confirm with . or Enter, or press ? or * to list all spells.
Casting: Flame Wave (dangerous; 9% risk of failure)
Press: ? - help, Dir - look around, f - activate You feel a surge of power!
A wave of flame ripples out!
The flame wave engulfs the troll!
Flame seeps out of the troll.
The troll is moderately wounded.
The flame wave engulfs the killer bee.
Vehumet accepts your kill.
The flame wave engulfs the wight but does no damage. (Press . to intensify the flame waves.) Malevolent energies surge around you.
The killer bee explodes!
The fiery explosion engulfs you.
Your condensation shield dissipates!
The fiery explosion engulfs the troll!!
Flame seeps out of the troll.
The troll is severely wounded.
The fiery explosion engulfs the wight!
Vehumet accepts your kill.
The wight explodes!
The fiery explosion engulfs the troll!!
Vehumet accepts your kill. The fiery explosion engulfs you!
* * * LOW HITPOINT WARNING * * *
The troll explodes!
The fiery explosion engulfs you!!
* * * LOW HITPOINT WARNING * * *
You are engulfed in blazing flames.
You die...

###..#######
........./.##
##...#..#...
#..........#
#..(.......#
#.........###
....>.§§....#
#§♣§#
.....§○§§#
.#.z.§§§§°.
........###..
######### .#
#


You could see a wight.

Vanquished Creatures
  A hydra (D:8)
  Pikel (D:7)
  A troll (D:9)
  A vampire (D:8)
  The ghost of siradein the Bolt Thrower, an amateur DrHu (D:5)
  A steam dragon (D:8)
  2 water moccasins
  Duvessa (D:7)
  2 sky beasts
  An orc warrior (D:4)
  3 ice beasts
  A black bear (D:7)
  5 centaurs
  2 ogres (D:5)
  A lemure (D:7)
  A phantom (D:6)
  A kobold brigand (D:6)
  6 bullfrogs
  2 necrophages
  3 gnoll sergeants
  3 scorpions
  A water moccasin skeleton (D:5)
  11 wights
  Dowan (D:7)
  4 killer bees (D:9)
  A bullfrog zombie (D:5)
  A gnoll shaman (D:4)
  4 hounds
  A jelly (D:5)
  4 orc priests
  A bullfrog skeleton (D:5)
  An iguana (D:7)
  7 orc wizards
  10 gnolls
  2 river rats (D:5)
  10 adders
  2 white imps (D:7)
  A worm (D:5)
  4 dart slugs
  26 orcs
  7 endoplasms
  9 giant cockroaches
  5 hobgoblins
  8 jackals
  12 kobolds
  5 quokkas
  7 ball pythons
  7 bats
  3 frilled lizards
  3 goblins
  4 rats (D:1)
202 creatures vanquished.

Vanquished Creatures (others)
  218 foxfires
218 creatures vanquished.

Grand Total: 420 creatures vanquished

Notes
Turn   | Place    | Note
-------+----------+-------------------------------------------
     0 | D:1      | bjtr the Demonspawn Fire Elementalist began the quest for
                  | the Orb.
     0 | D:1      | Reached XP level 1. HP: 13/13 MP: 3/3
   200 | D:1      | Reached skill level 3 in Fire Magic
   252 | D:1      | Gained mutation: A meltable shield of frost defends you.
                  | (SH +0) [demonic ancestry]
   252 | D:1      | Reached XP level 2. HP: 19/19 MP: 1/5
   255 | D:1      | Learned a level 2 spell: Scorch
  1179 | D:2      | Gained mutation: Spells you cast may paralyse adjacent
                  | enemies. [demonic ancestry]
  1179 | D:2      | Reached XP level 3. HP: 24/24 MP: 3/6
  1896 | D:2      | Gained mutation: You are partially covered in molten
                  | scales. (AC +2) [demonic ancestry]
  1896 | D:2      | Reached XP level 4. HP: 30/30 MP: 5/8
  2865 | D:3      | Reached skill level 4 in Fire Magic
  3078 | D:3      | Noticed a necrophage
  3083 | D:3      | Killed a necrophage
  3084 | D:3      | Gained mutation: Spells you cast may paralyse nearby
                  | enemies. [demonic ancestry]
  3084 | D:3      | Reached XP level 5. HP: 29/35 MP: 5/10
  3183 | D:3      | Found a faded altar of an unknown god.
  3483 | D:4      | Found a stormy altar of Qazlal.
  3492 | D:4      | Learned a level 3 spell: Conjure Flame
  3496 | D:4      | Learned a level 3 spell: Inner Flame
  3669 | D:4      | Found a shimmering blue altar of Sif Muna.
  3780 | D:4      | Gained mutation: You are mostly covered in molten scales.
                  | (AC +3) [demonic ancestry]
  3780 | D:4      | Reached XP level 6. HP: 41/41 MP: 7/12
  4211 | D:4      | Found a burning altar of Makhleb.
  4486 | D:4      | Noticed an orc warrior
  4502 | D:4      | Reached skill level 5 in Fire Magic
  4518 | D:4      | Killed an orc warrior
  4532 | D:4      | Reached XP level 7. HP: 43/46 MP: 0/14
  4583 | D:4      | Found the +1 Delatra's gloves {ID++}
  4696 | D:5      | Entered Level 5 of the Dungeon
  4707 | D:5      | Reached skill level 5 in Spellcasting
  4757 | D:5      | Found a glowing drain.
  4780 | Sewer    | Entered a sewer
  5177 | D:5      | Reached skill level 6 in Fire Magic
  5442 | D:5      | You fall into a shaft and drop 3 floors!
  5458 | D:8      | Gained mutation: Spells you cast and wands you use may
                  | paralyse nearby enemies. [demonic ancestry]
  5458 | D:8      | Reached XP level 8. HP: 52/52 MP: 13/17
  5696 | D:7      | Learned a level 4 spell: Flame Wave
  5742 | D:7      | Found a shadowy altar of Dithmenos.
  5839 | D:7      | Found the dreamshard necklace {*Dream Drain}
  5842 | D:7      | Reached skill level 7 in Fire Magic
  5989 | D:7      | Noticed Dowan
  5990 | D:7      | Noticed Duvessa
  5996 | D:7      | Killed Duvessa
  6003 | D:7      | Killed Dowan
  6335 | D:7      | Found a staircase to the Ecumenical Temple.
  6341 | Temple   | Entered the Ecumenical Temple
  6401 | Temple   | Became a worshipper of Vehumet
  6772 | D:7      | Reached XP level 9. HP: 57/57 MP: 14/20
  6877 | D:7      | Noticed Pikel
  6905 | D:7      | Killed Pikel
  6906 | D:7      | Reached skill level 1 in Armour
  6906 | D:7      | Reached skill level 8 in Fire Magic
  7106 | D:7      | Identified the +2 cloak "Qoet" {Drain rN++ Will+ Str-4}
  7687 | D:6      | Gained mutation: Your body sometimes deteriorates upon
                  | taking damage. [potion of mutation]
  7687 | D:6      | Gained mutation: You are clumsy. (Dex -2) [potion of
                  | mutation]
  7687 | D:6      | Gained mutation: You are frail. (-10% HP) [potion of
                  | mutation]
  7687 | D:6      | Gained mutation: You passively dampen the noise of your
                  | surroundings. [potion of mutation]
  7691 | D:6      | Lost mutation: You passively dampen the noise of your
                  | surroundings. [potion of mutation]
  7691 | D:6      | Lost mutation: You are frail. (-10% HP) [potion of
                  | mutation]
  7691 | D:6      | Lost mutation: Your body sometimes deteriorates upon taking
                  | damage. [potion of mutation]
  7691 | D:6      | Gained mutation: You are very clumsy. (Dex -4) [potion of
                  | mutation]
  7691 | D:6      | Gained mutation: Your mind is acute. (Int +2) [potion of
                  | mutation]
  7796 | D:6      | Reached skill level 9 in Fire Magic
  7945 | D:6      | Reached * piety under Vehumet
  7945 | D:6      | Offered knowledge of Freeze by Vehumet.
  8144 | D:5      | Found a transporter.
  8147 | D:5      | Noticed siradein's ghost (amateur DrHu)
  8148 | D:5      | Found a transporter.
  8192 | D:5      | Killed siradein's ghost
  8357 | D:5      | Reached XP level 10. HP: 63/63 MP: 19/22
  9122 | D:8      | Found a hide-covered altar of Uskayaw.
  9199 | D:8      | Reached skill level 1 in Shields
  9272 | D:8      | Lost mutation: Your mind is acute. (Int +2) [potion of
                  | mutation]
  9272 | D:8      | Lost mutation: You are very clumsy. (Dex -4) [potion of
                  | mutation]
  9272 | D:8      | Gained mutation: You are dopey. (Int -2) [potion of
                  | mutation]
  9272 | D:8      | Gained mutation: You have hidden genetic defects. [potion
                  | of mutation]
  9272 | D:8      | Gained mutation: You have a pair of small antennae on your
                  | head. [potion of mutation]
  9273 | D:8      | Lost mutation: You have hidden genetic defects. [potion of
                  | mutation]
  9273 | D:8      | Lost mutation: You are dopey. (Int -2) [potion of mutation]
  9273 | D:8      | Lost mutation: You are clumsy. (Dex -2) [potion of
                  | mutation]
  9273 | D:8      | Gained mutation: You have hidden genetic defects. [potion
                  | of mutation]
  9273 | D:8      | Gained mutation: You occasionally shout uncontrollably at
                  | your foes. [potion of mutation]
  9273 | D:8      | Gained mutation: You have sharp toenails. [potion of
                  | mutation]
  9338 | D:8      | Noticed a seven-headed hydra
  9346 | D:8      | Killed a seven-headed hydra
  9347 | D:8      | Reached skill level 10 in Fire Magic
  9681 | D:9      | HP: 3/94 [spore (19)]
  9681 | D:9      | Engulfed by a cloud of flame

Illustrated notes

Levels and vault maps discovered:
D:1:      roderic_chinese_lattice_arrival, layout_loops_ring
D:2:      layout_basic
D:3:      layout_loops_corners, chequers_ecumenical_altar_twisty,
          hangedman_abyss_or_decor_lesser_grid, kennysheep_generic_room_7
D:4:      layout_basic, lemuel_blue_sif_altar, grunt_qazlal_clouds,
          makhleb_heckhound_becter, pf_guarded_unrand_delatra
D:5:      layout_basic, portal_sewer_entry_a, gammafunk_ghost_mausoleum
D:6:      layout_rooms
D:7:      layout_basic, grunt_dithmenos_smoke_and_mirrors,
          minmay_temple_entry_hall, abandoned_shop, uniq_duvessa, uniq_pikel
D:8:      layout_loops_cross, eat_drink_and_be_merry_uskayaw
D:9:      layout_basic, chequers_serial_rivers_micro_c,
          hangedman_minor_gate_pass
Temple:   eino_temple_water

Skill      XL: |  1  2  3  4  5  6  7  8  9 10 |
---------------+-------------------------------+-----
Fire Magic     | 3 4 5 6 7 9 10 | 10.3
Spellcasting   | 3 4 6 7 8 9 |  9.1
Conjurations   | 2 3 4 |  4.3
Armour         | 2 3 |  3.2
Shields        | 2 |  2.0
Dodging        | |  1.7
Stealth        | |  1.7

Action                   |  1- 3 |  4- 6 |  7- 9 | 10-12 || total
-------------------------+-------+-------+-------+-------++-------
Melee: Dagger            |     4 |       |       |       ||     4
       Flail             |    13 |    14 |     9 |       ||    36
       Spear             |       |       |    38 |     7 ||    45
       Punch             |       |       |     1 |       ||     1
Throw: Dart              |       |    11 |     2 |       ||    13
       Stone             |       |     6 |       |       ||     6
 Cast: Foxfire           |    41 |    22 |    52 |    12 ||   127
       Scorch            |    13 |    57 |   138 |    52 ||   260
       Conjure Flame     |       |     3 |     3 |     1 ||     7
       Flame Wave        |       |       |       |     1 ||     1
  Use: Scroll            |       |       |     2 |     1 ||     3
       Potion            |       |       |     2 |     4 ||     6
 Stab: Sleeping          |     1 |       |       |       ||     1
       Paralysed         |     1 |     2 |     5 |       ||     8
Armor: Robe              |     9 |     5 |       |       ||    14
       Leather armour    |       |     2 |     2 |       ||     4
       Ring mail         |       |       |    44 |    34 ||    78
Dodge: Dodged            |    19 |    14 |    42 |    16 ||    91
Block: Other             |     1 |     4 |    19 |       ||    24
       Kite shield       |       |       |       |    50 ||    50

Table legend: (Time is in decaauts)
 A = Elapsed time spent in this place.
 B = Non-inter-level travel time spent in this place.
 C = Inter-level travel time spent in this place.
 D = Time resting spent in this place.
 E = Time spent auto-exploring this place.
 F = Levels seen in this place.
 G = Mean time per level.
                   A        B        C        D        E       F      G
               +--------+--------+--------+--------+--------+-----+--------+
         Total |   9717 |   9462 |    255 |   1798 |   5941 |  11 |  883.4 |
       Dungeon |   9364 |   9128 |    236 |   1798 |   5682 |   9 | 1040.4 |
        Temple |    215 |    196 |     19 |      0 |    176 |   1 |  215.0 |
         Sewer |    137 |    137 |      0 |      0 |     82 |   1 |  137.0 |
               +--------+--------+--------+--------+--------+-----+--------+

Top non-repeatable levels by time:
     D:7: 1929 daAuts
     D:4: 1293 daAuts
     D:2: 1286 daAuts
     D:5: 1254 daAuts
     D:1: 1112 daAuts
     D:3: 1014 daAuts
     D:8: 920 daAuts
     D:6: 532 daAuts
  Temple: 215 daAuts
   Sewer: 137 daAuts
     D:9: 20 daAuts
